[Event "Titled Tuesday Blitz July 18 Early 2023"]
[White "Chor, Kevin"]
[Black "laimis61"]
[WhiteFideId "2090740"]
[WhiteElo "2530"]
[BlackElo "2268"]
[Result "0-1"]
[Round "11"]
[TimeControl "180+2"]
[Date "2023.07.18"]
[WhiteClock "0:00:03"]
[BlackClock "0:00:18"]
[Board "101"]

1. e4 d6 2. d4 Nf6 3. Nc3 e5 4. f4 exd4 5. Qxd4 Be7 6. Nf3 O-O 7. Be3 Nc6 8. Qd2 Re8 9. O-O-O Bf8 10. Bd3 Bd7 11. h3 Nb4 12. g4 Nxd3+ 13. cxd3 Bc6 14. Nd4 Qe7 15. Rdg1 Nd7 16. g5 Nc5 17. h4 Qd7 18. h5 d5 19. e5 Ne6 20. g6 fxg6 21. hxg6 h6 22. Nxc6 bxc6 23. f5 d4 24. fxe6 dxe3 25. Qxe3 Qxe6 26. d4 c5 27. Re1 cxd4 28. Qxd4 Rad8 29. Qf4 Be7 30. Rxh6 Bg5 31. Rh8+ Kxh8 32. Qxg5 Qh3 33. e6 Qh6 34. Qxh6+ gxh6 35. Nb5 Rd5 36. Nc3 Rd6 37. e7 Rd7 38. Rf1 Rdxe7 39. Nd5 Re6 40. Rf7 Rxg6 41. Nf6 Rxf6 42. Rxf6 Kg7 43. Rc6 Re7 44. Ra6 c5 45. Rc6 h5 46. Rxc5 Kg6 47. Kc2 h4 48. Kb3 h3 49. Rc1 Rh7 50. Rg1+ Kf5 51. Rh1 Ke4 52. Ka4 Kf3 53. b4 h2 54. Ka5 Kg2 55. Rxh2+ Kxh2 56. a4 Kg3 57. b5 Rh6 58. Kb4 Kf4 59. a5 Ke5 60. b6 axb6 61. a6 Kd6 62. a7 Rh8 63. Kb5 Kc7 64. Ka6 Ra8 0-1


[Site "https://www.chess.com"]

[Event "Titled Tuesday Blitz July 18 Early 2023"]
[White "Borrmann, Laurenz"]
[Black "Korpics, Zsolt"]
[WhiteFideId "312187930"]
[BlackFideId "705241"]
[WhiteElo "2486"]
[BlackElo "2330"]
[Result "1-0"]
[Round "11"]
[TimeControl "180+2"]
[Date "2023.07.18"]
[WhiteClock "0:00:04"]
[BlackClock "0:00:09"]
[Board "102"]

1. d4 Nf6 2. c4 e6 3. Nf3 b6 4. a3 Ba6 5. Qc2 c5 6. d5 exd5 7. cxd5 Be7 8. Nc3 O-O 9. g4 d6 10. g5 Nfd7 11. h4 Ne5 12. Nxe5 dxe5 13. Bg2 Bb7 14. Be4 g6 15. h5 Bxg5 16. hxg6 f5 17. Bxf5 h6 18. Rxh6 Bxh6 19. Bxh6 Qh4 20. Be6+ Rf7 21. Bxf7+ Kh8 22. g7# 1-0


[Site "https://www.chess.com"]

[Event "Titled Tuesday Blitz July 18 Early 2023"]
[White "Llanos, Guillermo"]
[Black "Horak, Martin"]
[WhiteFideId "100358"]
[BlackFideId "367095"]
[WhiteElo "2350"]
[BlackElo "2483"]
[Result "1-0"]
[Round "11"]
[TimeControl "180+2"]
[Date "2023.07.18"]
[WhiteClock "0:00:18"]
[BlackClock "0:00:02"]
[Board "103"]

1. Nf3 d5 2. g3 Nc6 3. Bg2 e5 4. O-O Be6 5. c4 d4 6. b4 f6 7. b5 Na5 8. d3 b6 9. e3 dxe3 10. Bxe3 Qd7 11. Nxe5 fxe5 12. Bxa8 Nf6 13. Nc3 Bb4 14. Rc1 O-O 15. Bg2 Ng4 16. Nd5 Ba3 17. Rc3 Bb2 18. Rc2 Bd4 19. Bxd4 exd4 20. Re2 Kh8 21. Rfe1 Bg8 22. h3 Nf6 23. Re7 Qd6 24. Nxc7 Nxc4 25. dxc4 d3 26. Ne8 Qd4 27. Nxf6 Qxf6 28. f4 Qd4+ 29. Kh2 d2 30. R1e2 Rd8 31. Re8 Rxe8 32. Rxe8 Qc3 33. Bd5 Qc1 34. Rxg8# 1-0


[Site "https://www.chess.com"]

[Event "Titled Tuesday Blitz July 18 Early 2023"]
[White "Ljukin, Sergei"]
[Black "kiwibobo"]
[WhiteFideId "14102200"]
[WhiteElo "2453"]
[BlackElo "2318"]
[Result "1-0"]
[Round "11"]
[TimeControl "180+2"]
[Date "2023.07.18"]
[WhiteClock "0:00:32"]
[BlackClock "0:00:05"]
[Board "104"]

1. e4 e5 2. Nf3 Nc6 3. Bb5 a6 4. Ba4 Nf6 5. Qe2 b5 6. Bb3 Bc5 7. c3 d6 8. d3 Bb6 9. Bg5 h6 10. Bh4 g5 11. Bg3 Bg4 12. Nbd2 Nh5 13. h3 Nxg3 14. fxg3 Bh5 15. g4 Bg6 16. Nf1 h5 17. gxh5 Bxh5 18. O-O-O Qf6 19. Bd5 Kd7 20. Kb1 g4 21. hxg4 Bxg4 22. Ng3 Rag8 23. Rxh8 Rxh8 24. Bxc6+ Kxc6 25. Nxe5+ dxe5 26. Qxg4 Rh4 27. Qe2 Qf2 28. Qxf2 Bxf2 29. Nf5 Rg4 30. g3 Kd7 31. Rf1 Bb6 32. Kc2 Ke6 33. Rh1 Bf2 34. Rf1 Bb6 35. Kd2 c5 36. Rh1 c4 37. Rh6+ f6 38. Rh7 Bc5 39. Rc7 Bf8 40. Rc6+ Kf7 41. Rxa6 cxd3 42. Kxd3 Bc5 43. Nh6+ 1-0


[Site "https://www.chess.com"]

[Event "Titled Tuesday Blitz July 18 Early 2023"]
[White "Arnold, Ken"]
[Black "ExchangeAB"]
[WhiteFideId "2056836"]
[WhiteElo "2440"]
[BlackElo "2319"]
[Result "0-1"]
[Round "11"]
[TimeControl "180+2"]
[Date "2023.07.18"]
[WhiteClock "0:00:00"]
[BlackClock "0:00:37"]
[Board "105"]

1. d4 d5 2. c4 c6 3. cxd5 cxd5 4. Nf3 Nf6 5. Nc3 Nc6 6. Bf4 Bf5 7. e3 e6 8. Bb5 Nd7 9. Ne5 Ncxe5 10. Bxe5 a6 11. Bxd7+ Qxd7 12. O-O h5 13. Na4 f6 14. Nb6 Qd8 15. Qa4+ Kf7 16. Nxa8 fxe5 17. Rac1 Bd6 18. Nb6 Qxb6 19. Qd7+ Kg6 20. dxe5 Bxe5 21. b3 Rd8 22. Qe7 Bf6 23. Qc5 Qxc5 24. Rxc5 Rd7 25. Rfc1 Kf7 26. Rc7 Ke7 27. h3 Be5 28. Rxd7+ Kxd7 29. f3 h4 30. Kf2 Bd3 31. Rd1 Bg3+ 32. Kg1 Bb5 33. e4 Bc6 34. exd5 exd5 35. Kf1 Bb5+ 36. Kg1 Kd6 37. a4 Bc6 38. Kf1 b5 39. Ra1 bxa4 40. bxa4 d4 41. Ke2 a5 42. Kd3 Bf2 43. Rb1 Bxa4 44. Rb6+ Ke5 45. Rb8 Be3 0-1


[Site "https://www.chess.com"]

[Event "Titled Tuesday Blitz July 18 Early 2023"]
[White "Nunez V, Gustavo Eduardo"]
[Black "Acikel, Mert"]
[WhiteFideId "4403690"]
[BlackFideId "12956465"]
[WhiteElo "2435"]
[BlackElo "2317"]
[Result "0-1"]
[Round "11"]
[TimeControl "180+2"]
[Date "2023.07.18"]
[WhiteClock "0:00:13"]
[BlackClock "0:00:15"]
[Board "106"]

1. e4 e5 2. Nc3 Nf6 3. g3 Bc5 4. Bg2 Nc6 5. Nge2 O-O 6. O-O a5 7. d3 Re8 8. h3 Nd4 9. Kh2 Nxe2 10. Qxe2 c6 11. Bg5 h6 12. Be3 Qe7 13. f4 Bxe3 14. Qxe3 exf4 15. gxf4 d5 16. Qf3 dxe4 17. dxe4 Be6 18. Rfe1 Qb4 19. b3 Rad8 20. a3 Qc5 21. f5 Bc8 22. Re2 Re5 23. Qg3 Rde8 24. Qd3 Qe7 25. Bf3 Qc7 26. Kg2 b5 27. Rd1 b4 28. axb4 axb4 29. Na4 Qe7 30. Qd6 Bxf5 31. Qxe7 R8xe7 32. exf5 Rxe2+ 33. Bxe2 Rxe2+ 34. Kf3 Rxc2 35. Rd4 c5 36. Rd8+ Kh7 37. Rc8 Nd7 38. Rc7 Ne5+ 39. Ke4 f6 40. Rxc5 Rh2 41. Rb5 Rxh3 42. Nc5 Rh4+ 43. Kd5 Rf4 44. Ke6 h5 45. Rb7 h4 46. Ke7 Nc6+ 47. Kd6 Nd4 48. Ne6 Nxf5+ 49. Kd5 h3 50. Nxf4 h2 51. Ke6 Nd4+ 52. Kf7 h1=Q 53. Re7 Nf5 54. Rd7 Qe4 55. Ne6 Nh6+ 56. Ke7 Ng8+ 57. Kf7 Nh6+ 58. Ke7 Nf5+ 59. Kf7 Kh6 60. Nf8 Qe3 61. Rd5 Qxb3 62. Ke6 Ne3 63. Ke7 Nxd5+ 64. Kd8 Qc3 65. Ne6 Qc7+ 66. Nxc7 Nxc7 67. Kxc7 b3 68. Kd6 b2 69. Ke6 b1=Q 70. Kf7 Qg6+ 71. Ke6 f5+ 72. Ke5 Qf6+ 73. Kf4 g5+ 74. Kf3 Qc3+ 75. Ke2 Kh5 76. Kf2 Kg4 77. Ke2 Kf4 78. Kf2 Qc2+ 79. Ke1 Ke3 80. Kf1 Qf2# 0-1


[Site "https://www.chess.com"]

[Event "Titled Tuesday Blitz July 18 Early 2023"]
[White "JonSnowNW1"]
[Black "Holtel, Jasper"]
[BlackFideId "12956376"]
[WhiteElo "2432"]
[BlackElo "2307"]
[Result "1-0"]
[Round "11"]
[TimeControl "180+2"]
[Date "2023.07.18"]
[WhiteClock "0:01:09"]
[BlackClock "0:00:04"]
[Board "107"]

1. c4 Nf6 2. Nc3 g6 3. g3 Bg7 4. Bg2 O-O 5. Nf3 d6 6. O-O c5 7. d4 Nc6 8. dxc5 dxc5 9. Bf4 Be6 10. Qa4 Qa5 11. Qxa5 Nxa5 12. b3 Nh5 13. Be5 Rad8 14. Rad1 b6 15. Bxg7 Nxg7 16. Ne5 f6 17. Nd3 Nf5 18. e3 Bd7 19. Nf4 Kf7 20. Ncd5 Bc6 21. Nc7 Bxg2 22. Kxg2 Rd6 23. Nb5 Rxd1 24. Rxd1 Nc6 25. Rd7 a6 26. Nc3 Rd8 27. Rc7 Rd6 28. Ne4 Ne5 29. Nxd6+ Nxd6 30. Nd5 b5 31. Rxe7+ Kg8 32. Nxf6+ Kf8 33. Rxe5 1-0


[Site "https://www.chess.com"]

[Event "Titled Tuesday Blitz July 18 Early 2023"]
[White "Harriott, Tyrell"]
[Black "Ziatdinov, Raset"]
[WhiteFideId "2086484"]
[BlackFideId "2015323"]
[WhiteElo "2416"]
[BlackElo "2304"]
[Result "1-0"]
[Round "11"]
[TimeControl "180+2"]
[Date "2023.07.18"]
[WhiteClock "0:00:25"]
[BlackClock "0:00:04"]
[Board "108"]

1. d4 Nf6 2. e3 g6 3. Bd3 Bg7 4. f4 d6 5. Nf3 O-O 6. O-O Nc6 7. e4 e5 8. d5 Ne7 9. fxe5 dxe5 10. c4 Nd7 11. Be3 b6 12. Nc3 f5 13. b4 f4 14. Bf2 h6 15. c5 g5 16. Kh1 Ng6 17. Qb3 g4 18. Ng1 Kh7 19. g3 fxg3 20. Bxg3 bxc5 21. Rxf8 Qxf8 22. Nb5 Qd8 23. Qc3 a6 24. Na3 cxb4 25. Qxb4 Qg5 26. Qe1 h5 27. Bf2 h4 28. Be3 Qh5 29. Be2 Nf4 30. Nh3 Nf6 31. Nxf4 exf4 32. Bd4 Qg6 33. Bd3 Bb7 34. Rb1 Qf7 35. Rxb7 g3 36. e5+ Kh8 37. exf6 Bxf6 38. Bxf6+ Qxf6 39. Qe4 Qg7 40. d6 g2+ 41. Qxg2 Qa1+ 42. Qg1 Qxg1+ 43. Kxg1 Rg8+ 44. Kf2 cxd6 45. Rh7# 1-0


[Site "https://www.chess.com"]

[Event "Titled Tuesday Blitz July 18 Early 2023"]
[White "Mazurkiewicz, Michal"]
[Black "Barwinska, Ewa"]
[WhiteFideId "1124943"]
[BlackFideId "21833761"]
[WhiteElo "2412"]
[BlackElo "2300"]
[Result "1-0"]
[Round "11"]
[TimeControl "180+2"]
[Date "2023.07.18"]
[WhiteClock "0:02:03"]
[BlackClock "0:00:03"]
[Board "109"]

1. e4 c5 2. Nf3 d6 3. g3 Nc6 4. Bg2 g6 5. O-O Bg7 6. d3 Nf6 7. Re1 O-O 8. e5 dxe5 9. Nxe5 Nxe5 10. Rxe5 Qc7 11. Bf4 Qb6 12. Nc3 Qxb2 13. Rxc5 Nh5 14. Be3 Qa3 15. Rb1 Be6 16. Nb5 Qxa2 17. Nc7 Rab8 18. Nxe6 Qxe6 19. Rc7 b5 20. Rxa7 b4 21. Bc5 Rfe8 22. Rxb4 Rxb4 23. Bxb4 Qb6 24. Rxe7 Rb8 25. c3 Nf6 26. h3 Qd8 27. Qe2 Nd5 28. Bxd5 Qxd5 29. Re8+ Bf8 30. Rxb8 1-0


[Site "https://www.chess.com"]

[Event "Titled Tuesday Blitz July 18 Early 2023"]
[White "Wang, Alexander J"]
[Black "KorolDimitriy75"]
[WhiteFideId "30955270"]
[WhiteElo "2298"]
[BlackElo "2407"]
[Result "1/2-1/2"]
[Round "11"]
[TimeControl "180+2"]
[Date "2023.07.18"]
[WhiteClock "0:00:13"]
[BlackClock "0:00:03"]
[Board "110"]

1. e4 c5 2. Nf3 d6 3. d4 cxd4 4. Nxd4 Nf6 5. Nc3 g6 6. g3 Nc6 7. Bg2 Nxd4 8. Qxd4 Bg7 9. O-O O-O 10. h3 Be6 11. Qd1 Qc7 12. Be3 a6 13. a4 Rfc8 14. f4 Nd7 15. Rb1 b5 16. axb5 axb5 17. Nd5 Bxd5 18. Qxd5 Nf6 19. Qxb5 Rab8 20. Qd3 Qxc2 21. Qxc2 Rxc2 22. e5 Ne8 23. exd6 Nxd6 24. b3 Rc3 25. Bf2 Rcxb3 26. Rxb3 Rxb3 27. Re1 Bf6 28. g4 h6 29. Bc5 Rc3 30. Bf2 Kg7 31. g5 hxg5 32. fxg5 Bxg5 33. Bd4+ Bf6 34. Bxc3 Bxc3 35. Rxe7 Nf5 36. Rb7 Bd4+ 37. Kh2 Be5+ 38. Kg1 Nd6 39. Rd7 Kh6 40. Bd5 f5 41. Re7 Bf4 42. Re6 Kg5 43. Bc6 Kh5 44. Be8 Nxe8 45. Rxe8 Kh4 46. Kg2 Kg5 47. Rh8 Be5 48. Rh7 Bf4 49. Kf3 Be5 50. Rb7 Bc3 51. Rb3 Bd4 52. Rd3 Be5 53. Rd5 Bc3 54. Ke2 Bb2 55. Kd1 Ba1 56. Kd2 Bf6 57. Rd3 Kh4 58. Rf3 Be5 59. Ke2 Bg3 60. Ke3 Kxh3 61. Ke2 Kg4 62. Ra3 g5 63. Kf1 Be5 64. Ra4+ f4 65. Kg2 Bd6 66. Re4 Bc5 67. Rc4 Be3 68. Ra4 Kf5 69. Ra5+ Kg4 70. Ra4 Kh4 71. Rc4 Kg4 72. Ra4 1/2-1/2


[Site "https://www.chess.com"]

[Event "Titled Tuesday Blitz July 18 Early 2023"]
[White "Melikhov, Evgeny V."]
[Black "Samarth J Rao"]
[WhiteFideId "4122046"]
[BlackFideId "46652370"]
[WhiteElo "2406"]
[BlackElo "2284"]
[Result "1-0"]
[Round "11"]
[TimeControl "180+2"]
[Date "2023.07.18"]
[WhiteClock "0:00:35"]
[BlackClock "0:00:09"]
[Board "111"]

1. d4 d5 2. c4 e6 3. Nc3 c5 4. cxd5 exd5 5. Nf3 cxd4 6. Nxd4 Nf6 7. g3 Nc6 8. Bg2 Nxd4 9. Qxd4 Be6 10. O-O Be7 11. Qa4+ Bd7 12. Qd4 Bc6 13. a3 O-O 14. b4 a6 15. Bb2 Re8 16. Rfd1 Bf8 17. Rac1 Qd6 18. e4 Rad8 19. exd5 Nxd5 20. Nxd5 Bxd5 21. Bxd5 Qg6 22. Qc4 b5 23. Qb3 Rd7 24. Bf3 Rde7 25. Kg2 h5 26. h4 Re6 27. Rd5 Rf6 28. Rg5 Rxf3 29. Qxf3 Qe6 30. Qxh5 Qe2 31. Qxe2 Rxe2 32. Bd4 Ra2 33. Rc8 f6 34. Bxf6 Kf7 35. Bxg7 Bxg7 36. Rc7+ Ke6 37. Rcxg7 Rxa3 38. h5 Rb3 39. h6 Rxb4 40. h7 a5 41. h8=Q a4 42. Qh6# 1-0


[Site "https://www.chess.com"]

[Event "Titled Tuesday Blitz July 18 Early 2023"]
[White "Rian, Kapriaga"]
[Black "Joshi, Pankaj"]
[WhiteFideId "7103263"]
[BlackFideId "5006210"]
[WhiteElo "2394"]
[BlackElo "2283"]
[Result "1-0"]
[Round "11"]
[TimeControl "180+2"]
[Date "2023.07.18"]
[WhiteClock "0:00:18"]
[BlackClock "0:00:00"]
[Board "112"]

1. d4 Nf6 2. Nf3 g6 3. c4 Bg7 4. Nc3 O-O 5. Bg5 d6 6. e3 a6 7. Be2 c5 8. O-O Nbd7 9. d5 b5 10. cxb5 axb5 11. Bxb5 Qa5 12. a4 h6 13. Bh4 g5 14. Bg3 Nb6 15. e4 Nh5 16. Nd2 Nxg3 17. hxg3 Bxc3 18. bxc3 Qxc3 19. Re1 Ba6 20. Rc1 Qg7 21. Nf1 Bxb5 22. axb5 Ra2 23. Ne3 Rfa8 24. Nf5 Qb2 25. Rf1 Na4 26. Nxh6+ Kg7 27. Nf5+ Kf8 28. Qh5 Qf6 29. g4 Nc3 30. Rfe1 Ne2+ 31. Rxe2 Rxe2 32. g3 e6 33. dxe6 fxe6 34. e5 dxe5 35. Qh1 Raa2 36. Qc6 Rxf2 37. Rd1 Rad2 38. Qxc5+ 1-0


[Site "https://www.chess.com"]

[Event "Titled Tuesday Blitz July 18 Early 2023"]
[White "Levitan, Ronit"]
[Black "Rodriguez Santiago, Jaime"]
[WhiteFideId "2815109"]
[BlackFideId "3100898"]
[WhiteElo "2263"]
[BlackElo "2367"]
[Result "1/2-1/2"]
[Round "11"]
[TimeControl "180+2"]
[Date "2023.07.18"]
[WhiteClock "0:00:45"]
[BlackClock "0:00:11"]
[Board "113"]

1. e4 c6 2. d4 d5 3. exd5 cxd5 4. c4 e6 5. Nc3 Nf6 6. Nf3 Be7 7. cxd5 Nxd5 8. Bd3 Nc6 9. O-O O-O 10. Re1 Bf6 11. a3 h6 12. Bc2 Nce7 13. Qd3 Ng6 14. Ne5 Bxe5 15. dxe5 Re8 16. Nxd5 exd5 17. Bd2 Be6 18. Bc3 Rc8 19. Rad1 Qg5 20. Qg3 Qxg3 21. hxg3 Ne7 22. Ba4 Red8 23. Bd4 b6 24. Bb5 Nf5 25. b4 Nxd4 26. Rxd4 Rc2 27. a4 Rdc8 28. Red1 Rb2 29. R4d2 Rxd2 30. Rxd2 Rc1+ 31. Kh2 Rb1 32. Rd4 Rb2 33. Kg1 Kf8 34. Bc6 Ke7 35. a5 bxa5 36. bxa5 Ra2 37. Bxd5 Rxa5 38. Bxe6 Kxe6 39. f4 Ra3 40. Kf2 a5 41. Rc4 a4 42. Rc6+ Kf5 43. Rc7 Ke4 44. Rxf7 Ra2+ 45. Kg1 a3 46. Rxg7 Ra1+ 47. Kh2 a2 48. Ra7 Kf5 49. Ra4 h5 50. Ra3 Kg4 51. e6 Re1 52. Rxa2 Rxe6 53. Ra5 Rg6 54. Rg5+ Rxg5 55. fxg5 Kxg5 56. Kh3 Kg6 57. Kh4 Kh6 58. g4 hxg4 59. Kxg4 Kg6 60. g3 Kh7 61. Kh5 Kh8 62. Kg6 Kg8 63. g4 Kh8 64. Kf7 Kh7 65. g5 Kh8 66. Kf6 Kh7 67. g6+ Kh8 68. Kf5 Kg8 69. Kg5 Kg7 70. Kf5 Kg8 71. Kf6 Kf8 72. g7+ Kg8 73. Kg6 1/2-1/2


[Site "https://www.chess.com"]

[Event "Titled Tuesday Blitz July 18 Early 2023"]
[White "K2JW"]
[Black "Zaichenko, Daria"]
[BlackFideId "4197453"]
[WhiteElo "2360"]
[BlackElo "2267"]
[Result "0-1"]
[Round "11"]
[TimeControl "180+2"]
[Date "2023.07.18"]
[WhiteClock "0:00:00"]
[BlackClock "0:00:24"]
[Board "114"]

1. Nf3 Nf6 2. d4 d5 3. c4 e6 4. Nc3 Be7 5. Bf4 O-O 6. e3 Nbd7 7. cxd5 exd5 8. Bd3 c5 9. O-O cxd4 10. Nxd4 Nc5 11. Bc2 Nfe4 12. Nxe4 dxe4 13. Qe2 Qb6 14. Rab1 Be6 15. b4 Nd3 16. Nxe6 Qxe6 17. Bxd3 exd3 18. Qxd3 Qxa2 19. b5 Bf6 20. Qe4 b6 21. Rfd1 a5 22. bxa6 Rxa6 23. Bc7 Qe2 24. Qd3 Qxd3 25. Rxd3 Rc8 26. Bg3 b5 27. Rdb3 Rb6 28. h3 Rc5 29. e4 Bd4 30. Rd1 Bf6 31. Rd5 Rc1+ 32. Kh2 b4 33. Be5 g6 34. Bxf6 Rxf6 35. f3 Rc2 36. Kg3 Ra6 37. Rd1 Ra4 38. Rd4 Raa2 39. Rbxb4 Rxg2+ 40. Kf4 Kg7 41. Rd7 g5+ 42. Kf5 Raf2 43. Ke5 Rxf3 44. Rbb7 Rh2 45. Kd5 Rhxh3 46. Kc6 Rh6+ 0-1


[Site "https://www.chess.com"]

[Event "Titled Tuesday Blitz July 18 Early 2023"]
[White "Guevara Sanchez, Erick Marvin"]
[Black "Sovetbekova, Nurai"]
[WhiteFideId "6700136"]
[BlackFideId "13801910"]
[WhiteElo "2154"]
[BlackElo "2356"]
[Result "1-0"]
[Round "11"]
[TimeControl "180+2"]
[Date "2023.07.18"]
[WhiteClock "0:01:22"]
[BlackClock "0:00:02"]
[Board "115"]

1. e4 c5 2. d4 cxd4 3. c3 Nf6 4. e5 Nd5 5. cxd4 d6 6. f4 Nc6 7. Nf3 dxe5 8. fxe5 Bg4 9. Be2 e6 10. O-O Qb6 11. Nc3 Bxf3 12. Bxf3 Nxd4 13. Kh1 Nxc3 14. bxc3 Nxf3 15. Qxf3 Qc7 16. Rb1 Rb8 17. Be3 b6 18. Bd4 Rd8 19. h4 Rd7 20. Qg3 g6 21. h5 Bc5 22. h6 Bxd4 23. cxd4 Rxd4 24. Qf2 Rc4 25. Qf6 Rf8 26. Rbd1 Qe7 27. Rd3 Rh4+ 28. Kg1 Rxh6 29. Rfd1 Qc5+ 30. Qf2 Qxf2+ 31. Kxf2 f5 32. Rd7 Rf7 33. Rd8+ Ke7 34. R1d7# 1-0


[Site "https://www.chess.com"]

[Event "Titled Tuesday Blitz July 18 Early 2023"]
[White "Novikov, Evgenij"]
[Black "Vila Dupla, Aurelio"]
[WhiteFideId "4125380"]
[BlackFideId "2203383"]
[WhiteElo "2472"]
[BlackElo "2225"]
[Result "1-0"]
[Round "11"]
[TimeControl "180+2"]
[Date "2023.07.18"]
[WhiteClock "0:00:48"]
[BlackClock "0:00:00"]
[Board "116"]

1. e4 c5 2. d4 cxd4 3. c3 dxc3 4. Nxc3 Nc6 5. Bc4 e6 6. Nf3 a6 7. O-O b5 8. Bb3 Be7 9. Nd5 Nf6 10. Nxe7 Nxe7 11. Bg5 Nxe4 12. Bc2 Nxg5 13. Nxg5 Bb7 14. Qh5 Ng6 15. Nxh7 Qh4 16. Bxg6 Qxh5 17. Bxh5 Rxh7 18. Be2 Ke7 19. Rac1 Rhh8 20. Rc3 Rac8 21. Rg3 g6 22. Bd1 Rc5 23. Bb3 Rhc8 24. h4 Bd5 25. Kh2 Bxb3 26. Rxb3 Rc1 27. Rxc1 Rxc1 28. Kg3 Rc2 29. Ra3 Rxb2 30. Rxa6 b4 31. f3 Kf6 32. Ra7 d5 33. Rb7 Rxa2 34. Rxb4 Ra1 35. Rf4+ Kg7 36. Rb4 Kf6 37. Kg4 Rg1 38. g3 Rh1 39. Rb8 Kg7 40. Kf4 Rg1 41. Rd8 Re1 42. g4 Rd1 43. g5 Rd4+ 44. Kg3 e5 45. Re8 f6 46. Re7+ Kf8 47. gxf6 Rf4 48. Rxe5 Rxf6 49. Rxd5 Kg7 50. Kg4 Ra6 51. Rd7+ Kg8 52. Rd4 Rb6 53. Rd7 Rc6 54. Kg5 Rb6 55. f4 Ra6 56. Kh6 Rb6 57. Rg7+ Kh8 58. Rxg6 Rxg6+ 59. Kxg6 Kg8 60. f5 1-0


[Site "https://www.chess.com"]

[Event "Titled Tuesday Blitz July 18 Early 2023"]
[White "Thiel, Thomas"]
[Black "Tarasova, Viktoriya"]
[WhiteFideId "4615964"]
[BlackFideId "4175840"]
[WhiteElo "2249"]
[BlackElo "2355"]
[Result "0-1"]
[Round "11"]
[TimeControl "180+2"]
[Date "2023.07.18"]
[WhiteClock "0:00:46"]
[BlackClock "0:00:11"]
[Board "117"]

1. e4 e5 2. Nf3 Nc6 3. d4 exd4 4. Nxd4 Nf6 5. Nxc6 bxc6 6. Qe2 Qe7 7. Nc3 d5 8. exd5 cxd5 9. Nb5 Be6 10. Bf4 Rc8 11. Nxa7 Qb4+ 12. c3 Qxf4 13. Nxc8 Bc5 14. Qb5+ Nd7 15. Qe2 O-O 16. g3 Qf6 17. Bg2 Rxc8 18. O-O c6 19. a4 Ba7 20. b4 Ne5 21. b5 Bg4 22. Qc2 Nf3+ 23. Kh1 Qh6 24. h4 g5 25. Qc1 Qh5 0-1


[Site "https://www.chess.com"]

[Event "Titled Tuesday Blitz July 18 Early 2023"]
[White "Kev4444444444"]
[Black "Saucey, Michel"]
[BlackFideId "601845"]
[WhiteElo "2235"]
[BlackElo "2320"]
[Result "1-0"]
[Round "11"]
[TimeControl "180+2"]
[Date "2023.07.18"]
[WhiteClock "0:00:11"]
[BlackClock "0:00:08"]
[Board "118"]

1. d4 d5 2. c4 e6 3. Nf3 Nf6 4. g3 Bb4+ 5. Nbd2 O-O 6. a3 Be7 7. h4 c5 8. cxd5 exd5 9. Bh3 Bxh3 10. Rxh3 Nc6 11. Rh1 cxd4 12. Nb3 Ne4 13. Nfxd4 Bf6 14. Be3 Ne5 15. Nd2 Rc8 16. Nxe4 dxe4 17. Kf1 Qe7 18. Kg2 Rfd8 19. Qa4 Nc4 20. Qxa7 Ra8 21. Nf5 Qe5 22. Qc5 Nxb2 23. Qxe5 Bxe5 24. Rab1 Nc4 25. Rxb7 Rxa3 26. Rc1 Nxe3+ 27. Nxe3 g6 28. Nc4 Rc8 29. Rc2 Ra6 30. Re7 Bf6 31. Rxe4 Rac6 32. f3 Bg7 33. Kf1 f5 34. Rf4 Be5 35. Nxe5 Rxc2 36. Nd7 Kf7 37. Ra4 R2c4 38. Rxc4 Rxc4 39. Ne5+ 1-0


[Site "https://www.chess.com"]

[Event "Titled Tuesday Blitz July 18 Early 2023"]
[White "Hernandez Bermudez, Ulises Eduardo"]
[Black "Spichkin, Alexander"]
[WhiteFideId "3902510"]
[BlackFideId "4144074"]
[WhiteElo "2245"]
[BlackElo "2298"]
[Result "1-0"]
[Round "11"]
[TimeControl "180+2"]
[Date "2023.07.18"]
[WhiteClock "0:00:10"]
[BlackClock "0:00:30"]
[Board "119"]

1. e4 e5 2. Nf3 d5 3. Nxe5 Bd6 4. d4 dxe4 5. Nc3 Bxe5 6. dxe5 Qxd1+ 7. Nxd1 Nc6 8. Nc3 Bf5 9. Bf4 O-O-O 10. Bb5 Nd4 11. Ba4 Ne6 12. Be3 Ne7 13. O-O Ng6 14. f4 exf3 15. Rxf3 Bg4 16. Rxf7 Nxe5 17. Re7 Nc4 18. Re1 Nxe3 19. Rxe3 Nc5 20. Rxg7 h5 21. Bb5 Rd2 22. b4 Ne6 23. Rxg4 hxg4 24. Rxe6 Rxc2 25. Re3 c6 26. Ba4 Rb2 27. Bb3 Rd8 28. Ne4 Rd4 29. g3 Rxb4 30. Nd6+ Kc7 31. Nc4 Rb1+ 32. Kf2 a5 33. Nxa5 b5 34. Re6 Rc1 35. Re7+ Kb6 36. Nb7 Rc3 37. Nd6 Rd4 38. Ne4 Rf3+ 39. Ke2 c5 40. Re6+ Ka5 41. Nxc5 Kb4 42. Ne4 Ka3 43. Re5 b4 44. Nd2 Rfd3 45. Nc4+ Rxc4 46. Bxc4 Rc3 47. Bb3 Kb2 48. Re4 Ka3 49. Rxg4 Rc6 50. Rc4 Re6+ 51. Kf3 Rf6+ 52. Rf4 Rh6 53. h4 Rd6 54. h5 Rd3+ 55. Kg4 Rd2 56. h6 Rh2 57. Kg5 Rf2 58. g4 Rf3 59. Bf7 Rc3 60. h7 Rc5+ 61. Kg6 Rc6+ 62. Kg7 Ra6 63. Rf3+ Ka4 64. Bb3+ Ka3 65. Bc4+ Ka4 66. Bxa6 b3 67. axb3+ Kb4 68. h8=Q Ka3 69. Qf8+ Kb2 70. Bc4 Kc2 71. b4 Kb2 72. Rb3+ Ka2 73. Qf2+ Ka1 74. Qd4+ Ka2 75. Qb2# 1-0


[Site "https://www.chess.com"]

[Event "Titled Tuesday Blitz July 18 Early 2023"]
[White "UgarteCesar"]
[Black "Zampronha, Wladimir Camilo"]
[BlackFideId "2103087"]
[WhiteElo "2202"]
[BlackElo "2284"]
[Result "1-0"]
[Round "11"]
[TimeControl "180+2"]
[Date "2023.07.18"]
[WhiteClock "0:02:51"]
[BlackClock "0:02:48"]
[Board "120"]

1. d4 Nf6 2. Bf4 e6 3. Nf3 c5 4. e3 d5 5. Nbd2 Nc6 6. c3 Bd6 7. Bg3 O-O 8. Bd3 Qe7 9. Ne5 Nd7 10. f4 f6 11. Bxh7+ Kxh7 12. Qh5+ Kg8 13. Ng6 Qf7 14. Qh8# 1-0


[Site "https://www.chess.com"]

[Event "Titled Tuesday Blitz July 18 Early 2023"]
[White "Chemin, Justo Reinaldo"]
[Black "Martin, Lewis"]
[WhiteFideId "2101580"]
[BlackFideId "410551"]
[WhiteElo "2269"]
[BlackElo "2277"]
[Result "0-1"]
[Round "11"]
[TimeControl "180+2"]
[Date "2023.07.18"]
[WhiteClock "0:00:00"]
[BlackClock "0:01:04"]
[Board "121"]

1. d4 d5 2. Nf3 Nf6 3. e3 Nc6 4. b3 Bg4 5. Bd3 e5 6. dxe5 Nxe5 7. Bb2 Bd6 8. Nbd2 Nxd3+ 9. cxd3 O-O 10. Qc2 Rc8 11. O-O c5 12. Rac1 b5 13. Rfe1 Re8 14. e4 Bf4 15. exd5 Nxd5 16. Rxe8+ Qxe8 17. Re1 Qd8 18. Ne4 Nb4 19. Qc3 f6 20. Nxc5 Nd5 21. Qd4 Bxf3 22. gxf3 Be5 23. Rxe5 fxe5 24. Qxe5 Nf6 25. Qe6+ Kh8 26. Bxf6 gxf6 27. Qf5 Rc6 28. d4 Qxd4 29. Ne6 Qe5 30. Qxe5 fxe5 31. f4 Rxe6 32. f3 exf4 0-1


[Site "https://www.chess.com"]

[Event "Titled Tuesday Blitz July 18 Early 2023"]
[White "Ishowmoves57"]
[Black "Castillo Pena, Patricia Evarista"]
[BlackFideId "6412106"]
[WhiteElo "2145"]
[BlackElo "1879"]
[Result "1-0"]
[Round "11"]
[TimeControl "180+2"]
[Date "2023.07.18"]
[WhiteClock "0:00:35"]
[BlackClock "0:00:00"]
[Board "122"]

1. e4 c5 2. Nf3 d6 3. Bb5+ Nd7 4. c3 a6 5. Ba4 b5 6. Bc2 Bb7 7. d4 cxd4 8. cxd4 Ngf6 9. Nbd2 e5 10. O-O Be7 11. a4 b4 12. Qe2 Rc8 13. Nc4 O-O 14. b3 exd4 15. Nxd4 Nc5 16. Nf5 Re8 17. f3 d5 18. Rd1 Qc7 19. Bb2 dxc4 20. Qxc4 Ncxe4 21. Qxc7 Rxc7 22. Bxe4 Bxe4 23. fxe4 Rc2 24. Nxe7+ Rxe7 25. Rd8+ Re8 26. Bxf6 Rxd8 27. Bxd8 Re2 28. Rc1 f6 29. Rc4 a5 30. Bxa5 1-0


[Site "https://www.chess.com"]